 Dungeon Crawl Stone Soup version 0.19-a0-1109-g16db51f (webtiles) character file.

108 Jmtri7 the Skirmisher (level 4, -1/41 HPs)
             Began as a Demigod Fighter on Aug 9, 2016.
             Slain by TheDoctor's ghost (2 damage)
             ... on level 3 of the Dungeon.
             The game lasted 00:04:16 (1678 turns).

Jmtri7 the Skirmisher (Demigod Fighter)             Turns: 1678, Time: 00:04:17

Health: -1/41      AC:  7    Str: 21    XL:     4   Next: 33%
Magic:  6/6        EV:  7    Int: 12    God:
Gold:   95         SH:  9    Dex: 15    Spells: 0 memorised, 3 levels left

rFire  . . .     SeeInvis .     a - +0 war axe
rCold  . . .     Gourm    .     b - +0 scale mail
rNeg   . . .     Faith    .     c - +0 shield
rPois  .         Spirit   .     h - +0 hat
rElec  .         Dismiss  .     (no cloak)
rCorr  .         Reflect  .     (no gloves)
SustAt +         Harm     .     j - +0 pair of boots
MR     .....                    (no amulet)
Stlth  ..........               (no ring)
                                (no ring)

@: lethally poisoned (-1 -> -6)
A: high mp 1, sustain attributes
a: no special abilities


You were on level 3 of the Dungeon.
You were hungry.

You visited 1 branch of the dungeon, and saw 3 of its levels.

You collected 95 gold pieces.

Inventory:

Hand Weapons
 a - a +0 war axe (weapon)
Armour
 b - a +0 scale mail (worn)
 c - a +0 shield (worn)
 h - a +0 hat (worn)
 j - a +0 pair of boots (worn)
Wands
 g - a wand of disintegration (2/24)
 p - a wand of flame (23/48)
Scrolls
 e - 2 scrolls of remove curse {unknown}
 i - 2 scrolls of identify {unknown}
 k - a scroll of recharging {unknown}
 o - a scroll of noise {unknown}
 r - a scroll of fear {unknown}
 v - a scroll of magic mapping {unknown}
 x - a scroll of enchant weapon {unknown}
 y - a scroll of immolation {unknown}
Potions
 d - a potion of might
 l - 2 potions of curing {unknown}
 m - 2 potions of ambrosia {unknown}
 n - a potion of magic {unknown}
 q - 2 potions of agility {unknown}
 t - a potion of mutation {unknown}
 u - a potion of flight {unknown}
Comestibles
 f - a bread ration
 s - a slice of pizza
 w - 2 meat rations
 z - 10 chunks of flesh


   Skills:
 + Level 4.9 Fighting
 - Level 1.7 Axes
 - Level 2.6 Armour
 - Level 2.6 Shields


You had 3 spell levels left.
You didn't know any spells.

Dungeon Overview and Level Annotations

Branches:
Dungeon (3/15)

Annotations:
D:3 TheDoctor's ghost, amateur SpGl


Innate Abilities, Weirdness & Mutations

You have an increased reservoir of magic. (+10% MP)
Your attributes are resistant to harm.


Message History

You miss TheDoctor's ghost.
TheDoctor's ghost is heavily damaged.
You hit the worm but do no damage.
You feel sick. The worm bites you!
* * * LOW HITPOINT WARNING * * *
TheDoctor's ghost says, "They lied to you.
The Dungeon just goes down and down forever."
You block TheDoctor's ghost's attack.
You miss TheDoctor's ghost.
TheDoctor's ghost is heavily damaged.
You hit the worm but do no damage.
You feel sick.
TheDoctor's ghost hits you but does no damage.
The worm bites you.
* * * LOW HITPOINT WARNING * * *
You hit TheDoctor's ghost.
TheDoctor's ghost is severely damaged.
You slash the worm!
* * * LOW HITPOINT WARNING * * *
You feel sick. TheDoctor's ghost hits you.
* * * LOW HITPOINT WARNING * * *
TheDoctor's ghost burns you.
You die...

."...##.l[?#.....#.#....
.##...'#+bgK.#....[..#....
..#####.##Kg##.......#.#'#
#....#'#####).....#.#.#..
#..##.##..)......#.#....
#..'$?.#..#).....#..#.#.
#..##.##).#......#......
#...###...###.......####
#.....W@..# #...........
........w...# #.....#..###
......##......#.....##.###
...... '......+...........
..... ##......#.....###.##
..... ########.....# #..#
.... #.....# ##.# ####
######## #.# #.....# #.#


You could see a worm, TheDoctor's ghost, a hobgoblin, a goblin, a bat and 2
kobolds.

Vanquished Creatures
  Ijyb (D:3)
  2 adders (D:3)
  An ooze (D:3)
  4 dart slugs
  An orc (D:3)
  A giant cockroach (D:3)
  2 goblins
  8 hobgoblins
  8 jackals
  2 quokkas (D:2)
  A bat (D:2)
  4 giant newts
  9 kobolds
  9 rats
53 creatures vanquished.

Notes
Turn   | Place    | Note
-------+----------+-------------------------------------------
     0 | D:1      | Jmtri7 the Demigod Fighter began the quest for the Orb.
     0 | D:1      | Reached XP level 1. HP: 18/18 MP: 3/3
   121 | D:1      | Reached skill level 3 in Fighting
   235 | D:1      | Reached XP level 2. HP: 26/26 MP: 4/4
   726 | D:2      | Reached XP level 3. HP: 32/33 MP: 5/5
   757 | D:2      | Reached skill level 4 in Fighting
   772 | D:2      | Found a shadowy altar of Dithmenos.
  1406 | D:3      | Found a basalt altar of Yredelemnul.
  1619 | D:3      | Noticed Ijyb
  1637 | D:3      | Killed Ijyb
  1637 | D:3      | Reached XP level 4. HP: 29/41 MP: 6/6
  1661 | D:3      | Noticed TheDoctor's ghost (amateur SpGl)
  1678 | D:3      | HP: 1/41 [TheDoctor's ghost (4)]
  1678 | D:3      | Slain by TheDoctor's ghost

Vault maps used:
D:1:      mrwooster_arrival_arrow, eino_curves_03
D:2:      overflow_temple_1_default
D:3:      nicolae_overflow_hidden_temple, nicolae_overflow_crystal_walls,
          minmay_joined_circles, uniq_iyjb

Skill      XL: |  1  2  3 |
---------------+----------+-----
Fighting       | 3 4 |  4.9
Axes           | |  1.7
Armour         | |  2.6
Shields        | |  2.6

Action                   |  1- 3 |  4- 6 || total
-------------------------+-------+-------++-------
Melee: War axe           |   146 |    18 ||   164
  Eat: Chunk             |     2 |       ||     2
Armor: Scale mail        |    77 |     9 ||    86
Dodge: Dodged            |    62 |     4 ||    66
Block: Shield            |    83 |    17 ||   100
